 Dungeon Crawl Stone Soup version 0.32-a0-593-g85ff8e36a1 (webtiles) character file.

Game seed: 4991346586912220968

33 BeKind the Ducker (level 3, -2/26 HPs)
             Began as an Octopode Fighter on Mar 2, 2024.
             Slain by a gnoll
             ... wielding a +0 flail
              (7 damage)
             ... on level 2 of the Dungeon.
             The game lasted 00:00:44 (762 turns).

BeKind the Ducker (Octopode Fighter)                 Turns: 762, Time: 00:00:45

Health: -2/26      AC:  1    Str: 17    XL:     3   Next: 29%
Magic:  3/3        EV: 13    Int: 16    God:
Gold:   50         SH:  4    Dex: 11    Spells: 2/2 levels left

rFire   . . .        a - +0 trident
rCold   . . .        b - +0 buckler
rNeg    . . .        (helmet restricted)
rPois   .            (no amulet)
rElec   .            g - +6 ring of intelligence
rCorr   .            (no ring)
SInv    .            (no ring)
Will    .....        (no ring)
Stlth   ++           (no ring)
HPRegen 0.24/turn    (no ring)
MPRegen 0.08/turn    (no ring)
                     (no ring)

%: no passive effects
@: no status effects
A: almost no armour, amphibious, 8 rings, camouflage 1, gelatinous body 1,
(nimble swimmer 1), tentacles
a: no special abilities


You were on level 2 of the Dungeon.
You visited 1 branch of the dungeon, and saw 2 of its levels.

You collected 50 gold pieces.

Inventory:

Hand Weapons
 a - a +0 trident (weapon)
Armour
 b - a +0 buckler (worn)
Jewellery
 g - a +6 ring of intelligence (left tentacle)
Scrolls
 f - a scroll of identify {unknown}
 h - a scroll of summoning {unknown}
 i - 2 scrolls of fog {unknown}
 k - a scroll of fear {unknown}
Potions
 c - a potion of might
 d - a potion of curing {unknown}
 e - a potion of brilliance {unknown}
 j - a potion of degeneration {unknown}


   Skills:
 + Level 3.3 Fighting
 + Level 2.4 Polearms
 + Level 3.3 Dodging
 + Level 3.3 Shields


You had 2 spell levels left.
You didn't know any spells.
Your spell library contained the following spells:

 Spells                   Type           Power      Damage    Failure   Level
 Brom's Barrelling Bould  Conj/Erth      0%         2d3       97%         4
 Fireball                 Conj/Fire      0%         3d3       100%        5
 Iskenderun's Battlesphe  Conj           0%         2d6       100%        5
 Conjure Ball Lightning   Conj/Air       0%         3x3d6     100%        6
 Orb of Destruction       Conj           0%         9d5       100%        7


Dungeon Overview and Level Annotations

Branches:
Dungeon (2/15)

Altars:


Innate Abilities, Weirdness & Mutations

You cannot wear most types of armour.
You are amphibious.
You can wear up to eight rings at the same time.
Your skin changes colour to match your surroundings (Stealth+).
Your rubbery body absorbs attacks. (AC +1, EV +1)
((You are camouflaged when in or above water. (Stealth+)))
You have tentacles for arms and can constrict up to eight enemies at once.


Message History

Found 6 stones.
You see here 6 stones.
k - a scroll labelled GATEKO LOETU No target in view!
You see here 6 stones.
A dart slug comes into view.
A dart slug is nearby!
You reach to attack!
You hit the dart slug but do no damage. You hit the dart slug but do no damage.
You grab the dart slug. You constrict the dart slug.
You puncture the dart slug!
You kill the dart slug!
You have reached level 3!
Your experience leads to an increase in your attributes!
Your base attributes are Str 15, Int 10, Dex 11.
Increase (S)trength, (I)ntelligence, or (D)exterity?
You feel stronger. x2 3 gnolls come into view.
Found a scroll labelled ISUL SAPPI.
The gnoll shouts! x3; You hear a shout!
There are monsters nearby!
There are monsters nearby!
A gnoll comes into view. It is wielding a +0 club.
You reach to attack!
You hit the gnoll.
The gnoll is lightly wounded.
You closely miss the gnoll. You grab the gnoll.
The gnoll is lightly wounded.
You constrict the gnoll. The gnoll hits you with a +0 flail!
You hit the gnoll. You squeeze the gnoll.
You kill the gnoll!
The gnoll closely misses you. The gnoll misses you.
An adder comes into view.
The adder hisses angrily.
You hit the gnoll. Your grab misses the gnoll.
The gnoll is moderately wounded.
The gnoll hits you from afar with a +0 halberd!
Ouch! That really hurt!
* * * LOW HITPOINT WARNING * * *
The gnoll closely misses you. The gnoll hits you with a +0 flail!
You die...

.# .##
###...
..#.S#
#######!#..#
#..
........g?.#
#.#
.......gg.#
#.# #@# #.#
#.# #.# ##.#
#.# #..#
..## #.##
...# #.#
##(# #.# #.#
#.# ##.##
#.#


You could see 3 gnolls and an adder.

Vanquished Creatures
  A gnoll (D:2)
  A ribbon worm (D:2)
  A dart slug (D:2)
  An endoplasm (D:1)
  2 giant cockroaches (D:1)
  A hobgoblin (D:2)
  2 quokkas (D:1)
  A ball python (D:1)
  2 goblins (D:1)
  2 kobolds
  7 rats (D:1)
21 creatures vanquished.

Notes
Turn   | Place    | Note
-------+----------+-------------------------------------------
     0 | D:1      | BeKind the Octopode Fighter began the quest for the Orb.
     0 | D:1      | Reached XP level 1. HP: 16/16 MP: 1/1
   165 | D:1      | Reached XP level 2. HP: 20/21 MP: 2/2
   751 | D:2      | Reached XP level 3. HP: 26/26 MP: 3/3
   762 | D:2      | Slain by a gnoll

Illustrated notes

Levels and vault maps discovered:
D:1:      dpeg_arrival_ratfight, layout_basic, serial_forest,
          infiniplex_forest_straight_1, infiniplex_forest_lined_3_way,
          infiniplex_forest_lined_corner, infiniplex_forest_straight_1,
          infiniplex_forest_clump_curved, infiniplex_forest_corner_1,
          infiniplex_forest_zigzag_1, infiniplex_forest_end_1,
          infiniplex_forest_straight_3, hangedman_decor_growths
D:2:      layout_loops_ring, nicolae_ecumenical_lake_church,
          kennysheep_nondescript

Action                     || total
---------------------------++-------
  Melee: Trident           ||    44
         Constrict         ||     9
         Tentacles         ||     5
   Stab: Sleeping          ||     6
 Armour: Skin              ||     8
  Dodge: Dodged            ||    14
  Block: Buckler           ||     5

Table legend: (Time is in decaauts)
 A = Elapsed time spent in this place.
 B = Non-inter-level travel time spent in this place.
 C = Inter-level travel time spent in this place.
 D = Time resting spent in this place.
 E = Time spent auto-exploring this place.
 F = Levels seen in this place.
 G = Mean time per level.
                   A        B        C        D        E       F      G
               +--------+--------+--------+--------+--------+-----+--------+
         Total |    771 |    752 |     19 |      0 |    622 |   2 |  385.5 |
       Dungeon |    771 |    752 |     19 |      0 |    622 |   2 |  385.5 |
               +--------+--------+--------+--------+--------+-----+--------+

Top non-repeatable levels by time:
     D:1: 630 daAuts
     D:2: 140 daAuts
